 Dungeon Crawl Stone Soup version 0.28.0-1-gb440e238dd (webtiles) character file.

Game seed: 1510065989470059777

3074 cbfl8 the Basher (level 9, -2/109 (118) HPs)
             Began as a Minotaur Berserker on Feb 27, 2022.
             Was a Priest of Trog.
             Slain by a wight (9 damage)
             ... on level 7 of the Dungeon.
             The game lasted 00:12:48 (9884 turns).

cbfl8 the Basher (Minotaur Berserker)               Turns: 9884, Time: 00:12:50

HP:   -2/109 (118)  AC:  9    Str: 26    XL:     9   Next: 58%
MP:   17/17         EV: 11    Int:  4    God:    Trog [***...]
Gold: 339           SH:  0    Dex: 10    Spells: 8/8 levels left

rFire   . . .      SeeInvis .   t - +4 morningstar
rCold   . . .      Faith    .   (no shield)
rNeg    . . .      Spirit   .   u - +0 scale mail
rPois   .          Reflect  .   (helmet restricted)
rElec   .          Harm     .   (no cloak)
rCorr   .          Rampage  .   E - +0 pair of gloves
Will    ++...                   (no boots)
Stlth   ..........              d - amulet of magic regeneration
HPRegen 1.28/turn               l - ring of magical power
MPRegen 0.55/turn               (no ring)

@: berserking, strong-willed, flying, regenerating, drained, very quick
A: horns 2, retaliatory headbutt
a: Renounce Religion, Berserk, Trog's Hand


You were on level 7 of the Dungeon.
You worshipped Trog.
Trog was most pleased with you.
You visited 2 branches of the dungeon, and saw 8 of its levels.

You collected 339 gold pieces.

Inventory:

Hand Weapons
 a - a +0 hand axe
 t - a +4 morningstar (weapon)
Missiles
 y - a throwing net (quivered)
Armour
 b - a +0 animal skin
 i - a +0 ring mail
 u - a +0 scale mail (worn)
 E - a +0 pair of gloves (worn)
Jewellery
 d - an amulet of magic regeneration (around neck)
 l - a ring of magical power (left hand)
 m - a ring of magical power
Wands
 v - a wand of iceblast (11)
 w - a wand of mindburst (7)
Scrolls
 e - a scroll of immolation {unknown}
 f - 2 scrolls of fear
 k - a scroll of silence
 n - 5 scrolls of teleportation
 o - a scroll of amnesia {unknown}
 p - 3 scrolls of blinking
 r - 2 scrolls of enchant armour
 s - 2 scrolls of torment
Potions
 c - a potion of curing {unknown}
 g - a potion of cancellation {unknown}
 h - a potion of ambrosia {unknown}
 j - 2 potions of mutation
 q - a potion of lignification {unknown}
 x - 3 potions of might {unknown}
 z - 2 potions of flight
 A - 2 potions of heal wounds {unknown}
 B - a potion of haste {unknown}
 C - a potion of berserk rage {unknown}
 D - a potion of attraction {unknown}


   Skills:
 + Level 7.3 Fighting
 + Level 7.0(9.1) Axes
 + Level 9.0(10.1) Maces & Flails
 + Level 8.7 Armour
 + Level 4.9 Dodging
 + Level 1.6 Stealth


You had 8 spell levels left.
You didn't know any spells.
Your spell library contained the following spells:

 Spells                   Type           Power      Damage    Failure   Level
 Sublimation of Blood     Necr           0%         N/A       87%         2
 Petrify                  Tmut/Erth      0%         N/A       100%        4
 Irradiate                Conj/Tmut      0%         3d14      100%        5


Dungeon Overview and Level Annotations

Branches:
Dungeon (7/15)             Temple (1/1) D:6

Altars:
Ashenzari
Dithmenos
Elyvilon
Fedhas
Gozag
Hepliaklqana
Kikubaaqudgha
Makhleb
Nemelex Xobeh
Okawaru
Qazlal
Ru
Sif Muna
Trog
Uskayaw
Vehumet
Xom
Yredelemnul
Zin
The Shining One


Innate Abilities, Weirdness & Mutations

You have a pair of horns on your head.
You reflexively headbutt those who attack you in melee.


Message History

The wight barely misses you.
You barely miss the wight.
The wight hits you with a +3 short sword.
You feel drained.
You hit the wight but do no damage. The wight misses you.
You furiously retaliate!
You headbutt the wight! You closely miss the wight.
The wight is heavily damaged.
The wight hits you but does no damage. The wight hits you with a +3 flail!
You feel drained.
You sock the wight! Your headbutt misses the wight.
The wight is almost destroyed.
The wight closely misses you. The wight hits you but does no damage.
You barely miss the wight. Your headbutt misses the wight.
The wight is almost destroyed.
The wight hits you with a +3 short sword.
* * * LOW HITPOINT WARNING * * *
The wight hits you with a +3 flail!
* * * LOW HITPOINT WARNING * * *
You feel drained.
* * * LOW HITPOINT WARNING * * *
It was a potion of flight.
You feel very buoyant.
You fly up into the air.
The wight closely misses you. The wight hits you with a +3 flail!
* * * LOW HITPOINT WARNING * * *
You feel drained.
* * * LOW HITPOINT WARNING * * *
Your skin crawls.
You feel strong-willed. The wight hits you but does no damage.
The wight hits you with a +3 flail.
* * * LOW HITPOINT WARNING * * *
Okay, then.
A red film seems to cover your vision as you go berserk!
You feel yourself moving faster!
You feel mighty!
You can no longer call in reinforcements.
The wight closely misses you.
A water moccasin comes into view.
The wight hits you with a +3 flail!
You die...

#..# #..# # #..# .#
##..# .# # S..#
..##.# #?###.>...#
###########..@z..#...
#........)...)z.....#
#.############...<...
#.# .#.#... #.#
##..... #.# .... #.#
... #.# ... #.#


You could see a water moccasin (wandering) and 2 wights.

Vanquished Creatures
  Maggie (D:7)
  A wraith (D:6)
  A steam dragon (D:6)
  The ghost of Kazon the Skirmisher, an amateur VSFi (D:3)
  A sky beast (D:5)
  A water moccasin (D:5)
  A necrophage (D:7)
  An ice beast (D:5)
  A black bear (D:6)
  An ogre (D:6)
  3 centaurs (D:6)
  2 phantoms
  A bullfrog (D:6)
  3 scorpions
  2 water moccasin zombies
  A wyvern zombie (D:6)
  3 wights (D:7)
  A howler monkey (D:6)
  3 jellies
  3 bullfrog skeletons
  2 centaur zombies (D:6)
  A gnoll shaman (D:5)
  A hound (D:6)
  5 iguanas
  A centaur skeleton (D:5)
  A scorpion zombie (D:5)
  4 orc wizards
  Ijyb (D:4)
  A killer bee zombie (D:6)
  A hound zombie (D:5)
  12 adders
  2 shadow imps (D:5)
  A white imp (D:7)
  2 ufetubi
  3 worms
  2 dart slugs (D:1)
  22 orcs
  3 ball pythons
  3 endoplasms
  5 giant cockroaches
  12 goblins
  7 hobgoblins
  4 jackals
  3 quokkas
  11 bats
  8 frilled lizards
  11 kobolds
  10 rats
171 creatures vanquished.

Notes
Turn   | Place    | Note
-------+----------+-------------------------------------------
     0 | D:1      | cbfl8 the Minotaur Berserker began the quest for the Orb.
     0 | D:1      | Reached XP level 1. HP: 19/19 MP: 0/0
   417 | D:1      | Reached XP level 2. HP: 27/27 MP: 1/1
   477 | D:1      | Found a faded altar of an unknown god.
   891 | D:1      | Reached ** piety under Trog
   896 | D:1      | Reached XP level 3. HP: 26/33 MP: 2/2
  1791 | D:2      | Reached XP level 4. HP: 30/41 MP: 3/3
  2452 | D:3      | You fall into a shaft and drop 2 floors!
  2452 | D:5      | Entered Level 5 of the Dungeon
  2452 | D:5      | Found a broken altar of Ashenzari.
  2452 | D:5      | Found a hazy altar of Hepliaklqana.
  2467 | D:5      | Noticed a scorpion
  2475 | D:5      | Killed a scorpion
  2476 | D:5      | Reached skill level 5 in Axes
  2659 | D:5      | Reached XP level 5. HP: 47/47 MP: 4/4
  3044 | D:4      | Reached XP level 6. HP: 38/55 MP: 5/5
  3277 | D:3      | Reached *** piety under Trog
  3564 | D:3      | Reached skill level 5 in Fighting
  3682 | D:3      | Found an opulent altar of Gozag.
  3694 | D:3      | Found a shimmering altar of Xom.
  3768 | D:3      | Found a runed translucent gate.
  3768 | D:3      | Noticed Kazon's ghost (amateur VSFi)
  3769 | D:3      | Found a runed translucent gate.
  3769 | D:3      | Found a runed translucent gate.
  4194 | D:3      | Killed Kazon's ghost
  4195 | D:3      | Reached skill level 5 in Armour
  4525 | D:4      | Noticed Ijyb
  4530 | D:4      | Killed Ijyb
  4531 | D:4      | Reached XP level 7. HP: 57/61 MP: 6/6
  4549 | D:4      | Found a sparkling altar of Nemelex Xobeh.
  4549 | D:4      | Found a basalt altar of Yredelemnul.
  5565 | D:5      | Reached skill level 1 in Maces & Flails
  5722 | D:5      | Reached skill level 2 in Maces & Flails
  5722 | D:5      | Reached skill level 1 in Stealth
  5754 | D:5      | Reached skill level 3 in Maces & Flails
  6072 | D:5      | Reached XP level 8. HP: 40/70 MP: 7/7
  6361 | D:5      | Reached skill level 4 in Maces & Flails
  7511 | D:6      | Reached skill level 5 in Maces & Flails
  7914 | D:6      | Reached skill level 6 in Maces & Flails
  8034 | D:6      | Found a staircase to the Ecumenical Temple.
  8048 | Temple   | Entered the Ecumenical Temple
  8423 | D:6      | Reached skill level 7 in Maces & Flails
  8423 | D:6      | Reached XP level 9. HP: 56/78 MP: 8/8
  8424 | D:6      | Found a radiant altar of Vehumet.
  9177 | D:6      | Reached skill level 8 in Maces & Flails
  9852 | D:7      | Noticed Maggie
  9861 | D:7      | Killed Maggie
  9861 | D:7      | Reached **** piety under Trog
  9867 | D:7      | Reached skill level 9 in Maces & Flails
  9884 | D:7      | Slain by a wight

Illustrated notes

Levels and vault maps discovered:
D:1:      elethiomel_arrival_diamonds, layout_loops_ring,
          dreamdust_ecumenical_altar_hidden_monk_grotto, minmay_quantized
D:2:      wander_river, layout_basic, minmay_misc_feat_tower, minmay_vboxes
D:3:      layout_basic, amethyst_overflow_temple_binary, gammafunk_ghost_split,
          minmay_tree_intersection, kennysheep_generic_room_3
D:4:      layout_basic, mainiacjoe_overflow_large_starburst, uniq_ijyb
D:5:      cheibrodos_barr_body, layout_loops_corners,
          mainiacjoe_overflow_catwalk_spiral
D:6:      layout_layer_cave, minmay_temple_entry_overgrown, minmay_ruined_shrine
D:7:      layout_basic, kennysheep_boxes, uniq_maggie
Temple:   zaba_magenta_temple

Skill      XL: |  1  2  3  4  5  6  7  8  9 |
---------------+----------------------------+-----
Axes           | 4 5 6 7 |  7.0
Fighting       | 4 5 6 7 |  7.3
Armour         | 3 4 5 6 7 8 |  8.7
Dodging        | 3 4 |  4.9
Maces & Flails | 3 7 9 |  9.0
Stealth        | 1 |  1.6

Action                   |  1- 3 |  4- 6 |  7- 9 || total
-------------------------+-------+-------+-------++-------
Melee: Hand axe          |    86 |   105 |       ||   191
       Headbutt          |    11 |    18 |    34 ||    63
       Punch             |     1 |     1 |     3 ||     5
       Morningstar       |       |     4 |   187 ||   191
Invok: Berserk           |       |     1 |     4 ||     5
       Trog's Hand       |       |       |     2 ||     2
  Use: Scroll            |       |       |     7 ||     7
       Potion            |       |       |     1 ||     1
Armor: Animal skin       |    12 |       |       ||    12
       Ring mail         |    16 |    36 |       ||    52
       Scale mail        |       |     1 |   105 ||   106
Dodge: Dodged            |    88 |    66 |   140 ||   294
